 Dungeon Crawl Stone Soup version 0.22.1-6-g1668fe2 (webtiles) character file.

233 Kairos the Shield-Bearer (level 6, 0/32 HPs)
             Began as a Vine Stalker Fighter on Jan 26, 2019.
             Slain by Natasha (2 damage)
             ... on level 2 of the Dungeon.
             The game lasted 00:01:12 (805 turns).

Kairos the Shield-Bearer (Vine Stalker Fighter)      Turns: 805, Time: 00:01:12

Health: 0/32       AC:  6    Str: 21    XL:     6   Next: 5%
Magic:  0/7        EV:  7    Int:  8    God:
Gold:   49         SH:  9    Dex: 13    Spells: 5/5 levels left

rFire    . . .     SeeInvis .   a - +0 war axe
rCold    . . .     Gourm    .   c - +0 shield
rNeg     . . .     Faith    .   b - +0 scale mail
rPois    +         Spirit   +   (no helmet)
rElec    .         Reflect  .   (no cloak)
rCorr    .         Harm     .   (no gloves)
MR       .....                  (no boots)
Stlth    ..........             k - amulet of magic regeneration
HPRegen  0.50/turn              g - ring of poison resistance
MPRegen  0.35/turn              (no ring)

@: no status effects
A: fangs 2, regeneration 1, magic shield, antimagic bite, no potion heal 3, rot
immunity
a: no special abilities


You were on level 2 of the Dungeon.
You were not hungry.

You visited 1 branch of the dungeon, and saw 2 of its levels.

You collected 49 gold pieces.

Inventory:

Hand Weapons
 a - a +0 war axe (weapon)
Armour
 b - a +0 scale mail (worn)
 c - a +0 shield (worn)
Jewellery
 g - a ring of poison resistance (left hand)
 k - an amulet of magic regeneration (around neck)
Scrolls
 e - a scroll of enchant armour {unknown}
 i - a scroll of fog {unknown}
 j - 2 scrolls of blinking {unknown}
 l - 2 scrolls of identify {unknown}
 m - a scroll of teleportation
 o - 2 scrolls of amnesia {unknown}
Potions
 d - a potion of magic {unknown}
 h - 2 potions of curing {unknown}
 n - a potion of cancellation {unknown}
Comestibles
 f - a ration


   Skills:
 + Level 3.5 Fighting
 + Level 3.1 Axes
 + Level 3.4 Armour
 + Level 0.4 Dodging
 + Level 0.8 Stealth
 + Level 3.6 Shields


You had 5 spell levels left.
You didn't know any spells.
Your spell library was empty.

Dungeon Overview and Level Annotations

Branches:
Dungeon (2/15)

Altars:

Annotations:
D:2 Natasha


Innate Abilities, Weirdness & Mutations

You have extremely sharp teeth.
Your natural rate of healing is unusually fast.
When hurt, damage is shared between your health and your magic reserves.
Your bite disrupts and absorbs the magic of your enemies.
Potions cannot restore your health.
You are immune to rotting.


Message History

You block Natasha's attack.
You hit Natasha but do no damage. Your bite misses Natasha.
Natasha is heavily wounded.
You block Natasha's attack.
Natasha casts a spell.
You hit Natasha. Your bite misses Natasha.
Natasha is severely wounded.
You hit the white imp. Natasha claws you. The white imp gestures at you.
The puff of frost hits you!
* * * LOW HITPOINT WARNING * * *
You closely miss Natasha.
Natasha is severely wounded.
You closely miss the white imp. You block the white imp's attack.
You block Natasha's attack. The white imp gestures at you.
The puff of frost hits you!
* * * LOW HITPOINT WARNING * * *
Natasha claws you.
You die...

#...# ###.#
#.... #.# #.#.#
#.# #.#.# #.#
###.#.# #.#
#.....# #.#
#.#...# #.#
#.#h).#
#.####'#@5.####
#...............
#..........#####
#..........#
#..........#
########..##
#..# #..# ..#


You could see Natasha and a white imp.

Vanquished Creatures
  Sigmund (D:2)
  Jessica (D:2)
  An adder (D:2)
  An ooze (D:1)
  A dart slug (D:1)
  A leopard gecko (D:1)
  2 giant cockroaches (D:2)
  3 goblins
  2 hobgoblins
  3 kobolds
  A quokka (D:2)
  2 ball pythons
  4 bats
  5 rats (D:1)
28 creatures vanquished.

Notes
Turn   | Place    | Note
-------+----------+-------------------------------------------
     0 | D:1      | Kairos the Vine Stalker Fighter began the quest for the
                  | Orb.
     0 | D:1      | Reached XP level 1. HP: 11/11 MP: 2/2
    76 | D:1      | Reached XP level 2. HP: 10/16 MP: 3/3
   381 | D:2      | Reached XP level 3. HP: 20/20 MP: 4/4
   415 | D:2      | Noticed Sigmund
   426 | D:2      | Killed Sigmund
   426 | D:2      | Gained mutation: Your natural rate of healing is unusually
                  | fast. [Vine Stalker growth]
   426 | D:2      | Reached XP level 4. HP: 6/24 MP: 5/5
   426 | D:2      | Reached XP level 5. HP: 7/28 MP: 6/6
   631 | D:2      | Noticed Jessica
   640 | D:2      | Killed Jessica
   696 | D:2      | Reached XP level 6. HP: 32/32 MP: 7/7
   795 | D:2      | Noticed Natasha
   805 | D:2      | Slain by Natasha

Skill      XL: |  1  2  3 |
---------------+----------+-----
Fighting       | 3 |  3.5
Shields        | 3 |  3.6
Axes           | 2 3 |  3.1
Armour         | 3 |  3.4
Dodging        | |  0.4
Stealth        | |  0.8

Action                   |  1- 3 |  4- 6 || total
-------------------------+-------+-------++-------
Melee: War axe           |    41 |    28 ||    69
       Bite              |    15 |     4 ||    19
  Use: Scroll            |     1 |       ||     1
       Potion            |     1 |       ||     1
Armor: Scale mail        |    18 |    11 ||    29
Dodge: Dodged            |    18 |     2 ||    20
Block: Shield            |    26 |    19 ||    45
